Gloria Hjalder, neutral female human Ranger -------- |.@f....# |.@@...|# |.Y.)..|### -------- ) #)# # Gloria Hjalder the Trailblazer Experience level: 7 Strength: 12 Dexterity: 12 Constitution: 16 Intelligence: 13 Wisdom: 13 Charisma: 8 Health: 0(45) Energy: 30(30) AC: -2 Gold: 683 Moves: 4232 Your Inventory: Coins $ - 683 gold pieces Weapons b - an uncursed +1 bow (weapon in hand) d - 32 uncursed +0 arrows f - an [uncursed] rustproof [+0] long sword named Vorpal Blade [Vorpal Blade] (alternate weapon; not wielded) j - an uncursed +0 elven dagger B - 9 uncursed +2 arrows (in quiver) Armor e - an uncursed +4 cloak of displacement (being worn) s - an uncursed +0 pair of iron shoes y - an uncursed +0 chain mail (being worn) z - an uncursed +0 robe A - an uncursed +1 pair of jumping boots (being worn) Comestibles k - an uncursed food ration Scrolls E - an [uncursed] scroll of identify F - an [uncursed] unlabeled scroll [of blank paper] G - an uncursed scroll of light T - an uncursed scroll of confuse monster W - an uncursed scroll of genocide Y - an uncursed scroll of enchant armor Spellbooks h - an uncursed spellbook of force bolt Potions J - an uncursed potion of booze Rings i - an uncursed ring of searching (on right hand) Wands M - a blessed wand of speed monster (0:2) Tools p - an uncursed expensive camera (0:81) v - an uncursed mirror O - an uncursed mirror Spells known in the end: Name Level Category Fail Memory a - force bolt 1 attack 100% [|||||||.] b - confuse monster 2 enchantment 100% [||||||||] Your skills at the end: Fighting Skills Weapon Skills dagger [Basic / Expert] bow [Basic / Expert] Spellcasting Skills Final Attributes: You were piously aligned. Hunger level was 61. Your alignment was 31 / 31. Monster difficulty range was 1 - 7. Level difficulty was 8. You were telepathic. You had automatic searching. You were displaced. You were stealthy. You could jump. Your luck was zero. You are dead. Vanquished creatures: a small mimic a tengu 2 soldiers 2 wolves a winter wolf cub 2 leprechauns a lizard a dog a housecat a rope golem 2 imps a wood nymph a water nymph 2 rock piercers a fog cloud a kobold mummy a ghoul a straw golem 3 floating eyes a kobold lord a kobold shaman a monkey an orc zombie a werejackal 3 iguanas 3 killer bees an acid blob 2 hobbits 11 manes 4 giant rats 2 cave spiders a red mold 2 gnomes a gnome zombie 3 geckos 9 jackals 2 foxes a kobold a goblin 4 grid bugs a bat 3 lichens 10 newts 95 creatures vanquished. Voluntary challenges: You used a wielded weapon 49 times. You read items or engraved 13 times. You put on armor 8 times. You never genocided any monsters. You never polymorphed an object. You never changed form. You used no wishes. You never wrote Elbereth's name. You never encountered a bones level. You never used any Sokoban shortcuts. Dungeon overview: The Dungeons of Doom: levels 1 to 8 Level 1 a long staircase Level 2 an armor shop, an altar to Venus, some fountains, some sinks Level 3 a scroll shop, a fountain Level 4 a fountain a long staircase Level 5 many fountains Level 6 a long staircase Level 7 an altar to Venus, a fountain Level 8 <- You were here History has recorded: On T:1 you entered the Dungeons of Doom to retrieve the Amulet of Yendor! On T:381 you reached level 2 of The Dungeons of Doom. On T:476 you advanced to experience level 2. On T:696 you advanced to experience level 3. On T:1211 you reached level 3 of The Dungeons of Doom. On T:1216 you reached level 4 of The Dungeons of Doom. On T:1298 you advanced to experience level 4. On T:1981 you advanced to experience level 5. On T:2202 you reached level 5 of The Dungeons of Doom. On T:2220 you advanced to experience level 6. On T:2745 you reached level 6 of The Dungeons of Doom. On T:3418 you advanced to experience level 7. On T:3562 you reached level 7 of The Dungeons of Doom. On T:4062 you received Vorpal Blade from Venus. On T:4174 you reached level 8 of The Dungeons of Doom. Latest messages: [HP-4=9] The owlbear misses. (2x) [HP+1=10] The soldier is blinded by the flash! The soldier turns to flee! The owlbear misses. (2x) The soldier picks up 14 uncursed +2 arrows. The soldier thrusts his knife at the owlbear. The soldier hits the owlbear. The owlbear strikes at your displaced image and misses you! (2x) The soldier picks up a short sword. The soldier strikes at your displaced image and misses you! You shoot 2 arrows. The 1st arrow hits the soldier! The 2nd arrow hits the soldier! The tiger hits! The tiger misses. The tiger bites! You die... Final status: Goodbye Gloria Hjalder the Ranger... You died in The Dungeons of Doom on dungeon level 8 with 2357 points, and 683 pieces of gold, after 4232 moves. You were level 7 with a maximum of 45 hit points when you died.